 Dungeon Crawl Stone Soup version 0.28.0-53-g5a82cb258f (webtiles) character file.

Game seed: 8769409308072361066

332 quixfox the Chopper (level 6, -1/56 HPs)
             Began as a Hill Orc Fighter on July 9, 2022.
             Slain by a wyvern (12 damage)
             ... on level 4 of the Dungeon.
             The game lasted 00:04:23 (2310 turns).

quixfox the Chopper (Hill Orc Fighter)              Turns: 2310, Time: 00:04:24

Health: -1/56      AC: 12    Str: 21    XL:     6   Next: 52%
Magic:  6/6        EV: 10    Int:  8    God:
Gold:   82         SH:  4    Dex: 10    Spells: 5/5 levels left

rFire   . . .      SeeInvis .   a - +0 war axe
rCold   . . .      Faith    .   c - +0 buckler
rNeg    . . .      Spirit   .   n - quicksilver dragon scales
rPois   .          Reflect  .   (no helmet)
rElec   .          Harm     .   k - +0 cloak
rCorr   .          Rampage  .   (no gloves)
Will    +....                   (no boots)
Stlth   ..........              (no amulet)
HPRegen 0.18/turn               (no ring)
MPRegen 0.10/turn               (no ring)

@: mighty
A: no striking features
a: no special abilities


You were on level 4 of the Dungeon.
You visited 1 branch of the dungeon, and saw 4 of its levels.

You collected 82 gold pieces.

Inventory:

Hand Weapons
 a - a +0 war axe (weapon)
Armour
 c - a +0 buckler (worn)
 k - a +0 cloak (worn)
 n - quicksilver dragon scales (worn)
Jewellery
 f - a ring of flight
Wands
 b - a wand of polymorph (15)
Scrolls
 g - a scroll of fear
Potions
 e - a potion of heal wounds
 h - a potion of curing
 l - a potion of brilliance {unknown}
 m - a potion of berserk rage {unknown}


   Skills:
 + Level 5.2 Fighting
 * Level 6.5 Axes
 + Level 4.8 Armour
 - Level 3.2 Shields


You had 5 spell levels left.
You didn't know any spells.
Your spell library contained the following spells:

 Spells                   Type           Power      Damage    Failure   Level
 Sandblast                Erth           0%         2d4       67%         1
 Slow                     Hex            0%         N/A       67%         1
 Passwall                 Tmut/Erth      0%         N/A       80%         2
 Confusing Touch          Hex            0%         N/A       95%         3
 Stone Arrow              Conj/Erth      0%         3d7       95%         3
 Vampiric Draining        Necr           0%         2d6       95%         3


Dungeon Overview and Level Annotations

Branches:
Dungeon (4/15)
 Temple: D:4-7

Altars:


Message History

The orc hits you with a +0 vorpal flail.
An orc wizard comes into view. It is wielding a +0 dagger.
You barely miss the orc.
The orc is heavily wounded.
An orc comes into view. It is wielding a +0 dagger.
The orc hits you with a +0 vorpal flail!
You hit the orc.
You kill the orc!
An orc comes into view. It is wielding a +0 hand axe.
The wyvern bites you!
* * * LOW HITPOINT WARNING * * *
You feel very mighty all of a sudden.
The orc shouts!
You block the wyvern's attack.
An orc comes into view. It is wielding a +0 dagger.
The wyvern misses you.
You slash the wyvern!
The wyvern is severely wounded.
The wyvern bites you but does no damage.
You completely miss the wyvern.
The wyvern is heavily wounded.
The wyvern bites you!
* * * LOW HITPOINT WARNING * * *
The wyvern closely misses you.
The orc wizard mumbles some strange words.
The orc wizard flickers and vanishes!
Deactivating autopickup; reactivate with Ctrl-A.
You feel much better. The wyvern bites you. The wyvern bites you!
* * * LOW HITPOINT WARNING * * *
You barely miss the wyvern.
The wyvern is heavily wounded.
The wyvern bites you.
* * * LOW HITPOINT WARNING * * *
You closely miss the wyvern.
The wyvern is heavily wounded.
The wyvern closely misses you. The wyvern barely misses you.
You hit the wyvern.
The wyvern is severely wounded.
The wyvern closely misses you. The wyvern bites you!
You die...

### ##.. ... ######
##.. #. ##..#.####..
#...
#......#...####.....
#####.##......@#.o.....
##.##.........##lo{#
##.[##......#..###o.#
...#........#..##....#
..†#.................#
.#.......†..........##
##....##...##.....#..
###[...#..............
# ##..............#..#


You could see a wyvern, an orc wizard and an orc.

Vanquished Creatures
  An ogre (D:3)
  A jelly (D:4)
  An orc priest (D:4)
  2 hounds (D:4)
  An iguana (D:4)
  A hound skeleton (D:2)
  2 adders (D:3)
  An adder skeleton (D:4)
  2 worms
  2 dart slugs (D:2)
  7 orcs
  7 ball pythons
  5 endoplasms
  2 giant cockroaches
  2 goblins (D:1)
  6 hobgoblins
  2 jackals (D:3)
  A quokka (D:3)
  4 bats
  A frilled lizard (D:1)
  5 kobolds
  6 rats
62 creatures vanquished.

Vanquished Creatures (others)
  38 plants (D:3)
38 creatures vanquished.

Grand Total: 100 creatures vanquished

Notes
Turn   | Place    | Note
-------+----------+-------------------------------------------
     0 | D:1      | quixfox the Hill Orc Fighter began the quest for the Orb.
     0 | D:1      | Reached XP level 1. HP: 19/19 MP: 1/1
   153 | D:1      | Reached skill level 3 in Axes
   226 | D:1      | Reached XP level 2. HP: 27/27 MP: 2/2
   620 | D:1      | Found a faded altar of an unknown god.
   697 | D:1      | Reached XP level 3. HP: 29/33 MP: 3/3
  1186 | D:2      | Reached skill level 4 in Axes
  1475 | D:3      | Noticed an ogre
  1494 | D:3      | Killed an ogre
  1495 | D:3      | Reached skill level 5 in Axes
  1495 | D:3      | Reached XP level 4. HP: 41/41 MP: 4/4
  1495 | D:3      | Reached XP level 5. HP: 47/47 MP: 5/5
  2254 | D:4      | Reached skill level 5 in Fighting
  2254 | D:4      | Reached skill level 6 in Axes
  2254 | D:4      | Reached XP level 6. HP: 51/56 MP: 6/6
  2297 | D:4      | Noticed a wyvern
  2306 | D:4      | HP: 2/56 [wyvern (13)]
  2310 | D:4      | Slain by a wyvern

Illustrated notes

Levels and vault maps discovered:
D:1:      saegor_arrival_simple_a, layout_loops_ring,
          shapermc_ecumenical_altar_mp_vishouse, minmay_tetromino_i4
D:2:      layout_basic, minmay_misc_feat_room
D:3:      layout_loops_ring, serial_bayou, serial_bayou_ford_a,
          serial_bayou_lagoon_a, serial_bayou_crossing, serial_bayou_pond_c
D:4:      layout_cave_pools, mainiacjoe_overflow_concentric_impassable,
          enter_ossuary_1, serial_park_tiny_2, minmay_between

Skill      XL: |  1  2  3  4  5 |
---------------+----------------+-----
Axes           | 3 5 6 |  6.5
Fighting       | 4 5 |  5.2
Armour         | 4 |  4.8
Shields        | |  3.2

Action                   |  1- 3 |  4- 6 || total
-------------------------+-------+-------++-------
Melee: War axe           |    87 |    85 ||   172
  Use: Potion            |     1 |     2 ||     3
       Scroll            |       |     6 ||     6
Armor: Scale mail        |    47 |       ||    47
       Quicksilver drago |       |    43 ||    43
Dodge: Dodged            |    42 |    44 ||    86
Block: Buckler           |    20 |    26 ||    46
